 Dungeon Crawl Stone Soup version 0.23.2-33-g5129a83184 (webtiles) character file.

Game seed: 1641123613959849943

240 funkygono the Vandal (level 5, -4/45 HPs)
             Began as a Minotaur Hunter on July 21, 2019.
             Killed by divine providence
             ... invoked by an orc priest
              (16 damage)
             ... on level 4 of the Dungeon.
             The game lasted 00:08:44 (2712 turns).

funkygono the Vandal (Minotaur Hunter)              Turns: 2712, Time: 00:08:46

Health: -4/45      AC:  7    Str: 16    XL:     5   Next: 79%
Magic:  13/13      EV: 11    Int:  8    God:
Gold:   101        SH:  0    Dex: 12    Spells: 4/4 levels left

rFire    . . .     SeeInvis .   a - +0 club
rCold    . . .     Gourm    .   (no shield)
rNeg     . . .     Faith    .   h - +2 ring mail {rPois}
rPois    +         Spirit   .   (helmet restricted)
rElec    .         Reflect  .   (no cloak)
rCorr    .         Harm     .   (no gloves)
MR       .....                  (no boots)
Stlth    ++........             (no amulet)
HPRegen  0.15/turn              l - ring of stealth
MPRegen  0.13/turn              p - ring of magical power

@: very slightly contaminated, invisible
A: retaliatory headbutt, horns 2
a: no special abilities


You were on level 4 of the Dungeon.
You were hungry.

You visited 1 branch of the dungeon, and saw 4 of its levels.

You collected 101 gold pieces.

Inventory:

Hand Weapons
 a - a +0 club (weapon)
 b - a +1 hunting sling
Missiles
 d - 20 sling bullets
 o - 117 stones (quivered)
Armour
 h - a +2 ring mail of poison resistance (worn)
Jewellery
 l - a ring of stealth (left hand)
 p - a ring of magical power (right hand)
Scrolls
 e - a scroll of teleportation
 j - a scroll of fog
 m - 3 scrolls of remove curse
Potions
 g - a potion of invisibility
 i - a potion of heal wounds
 n - 3 potions of curing
 q - a potion of lignification {unknown}
 s - 2 potions of brilliance
 t - 3 potions of haste
 u - a potion of flight {unknown}
Comestibles
 f - 4 rations


   Skills:
 + Level 3.5 Fighting
 + Level 2.0 Maces & Flails
 + Level 6.1 Slings
 + Level 2.9 Armour
 + Level 2.7 Dodging
 + Level 1.1 Stealth


You had 4 spell levels left.
You didn't know any spells.
Your spell library was empty.

Dungeon Overview and Level Annotations

Branches:
Dungeon (4/15)
 Temple: D:4-7

Altars:
Trog
Uskayaw


Innate Abilities, Weirdness & Mutations

You reflexively headbutt those who attack you in melee.
You have a pair of horns on your head.


Message History

The orc priest hits you but does no damage.
You closely miss the orc priest.
The orc priest is severely wounded.
The orc priest barely misses you. You furiously retaliate!
You headbutt the orc priest. The orc priest barely misses you.
The orc priest hits you but does no damage.
You closely miss the orc priest.
The orc priest is severely wounded.
The orc priest hits you but does no damage.
You hit the orc priest.
The orc priest is severely wounded.
The orc priest closely misses you.
You hit the orc priest but do no damage.
The orc priest is almost dead.
The orc priest invokes the aid of Beogh against you.
Beogh smites you!
* * * LOW HITPOINT WARNING * * *
The orc priest calls down the wrath of Beogh upon you.
Beogh smites you!
You die...

≈≈ .. #. #. ####
#.###########
.....#...##oo....#
(........(.@#
#)$....#...# ..
#....####<.##....
#...#####........
##.........#.....
......#....###...
##.## ##...# ..
###.# . ..


You could see 2 orc priests.

Vanquished Creatures
  A scorpion (D:2)
  Ijyb (D:3)
  2 orc wizards (D:3)
  Robin (D:2)
  2 adders (D:2)
  An ooze (D:3)
  A leopard gecko (D:2)
  9 orcs
  2 ball pythons (D:2)
  A giant cockroach (D:2)
  10 goblins
  12 hobgoblins
  5 kobolds
  2 quokkas (D:3)
  4 bats
  2 frilled lizards
  11 rats
67 creatures vanquished.

Notes
Turn   | Place    | Note
-------+----------+-------------------------------------------
     0 | D:1      | funkygono the Minotaur Hunter began the quest for the Orb.
     0 | D:1      | Reached XP level 1. HP: 18/18 MP: 0/0
     2 | D:1      | Noticed an elf
     2 | D:1      | Noticed a merfolk
     4 | D:1      | Noticed a troll
     4 | D:1      | Noticed a demigod
     6 | D:1      | Noticed a demonspawn
     8 | D:1      | Noticed a ghoul
     8 | D:1      | Noticed a formicid
    10 | D:1      | Noticed an ogre
    10 | D:1      | Noticed a halfling
    12 | D:1      | Noticed a dwarf
    14 | D:1      | Noticed a naga
    14 | D:1      | Noticed a spriggan
    16 | D:1      | Noticed a felid
    18 | D:1      | Noticed an octopode
    20 | D:1      | Noticed a centaur
    20 | D:1      | Noticed a vine stalker
    22 | D:1      | Noticed a tengu
    22 | D:1      | Noticed a human
    24 | D:1      | Noticed a minotaur
    24 | D:1      | Noticed a vampire
    26 | D:1      | Noticed a draconian
    26 | D:1      | Noticed a gargoyle
   456 | D:1      | Reached XP level 2. HP: 25/25 MP: 1/1
   752 | D:2      | Reached skill level 5 in Slings
   856 | D:2      | Noticed a moth of wrath
   857 | D:2      | Noticed Robin
   878 | D:2      | Reached skill level 1 in Stealth
   904 | D:2      | Reached XP level 3. HP: 19/30 MP: 2/2
  1140 | D:2      | Found a bloodstained altar of Trog.
  1153 | D:2      | Reached skill level 1 in Armour
  1166 | D:2      | Killed Robin
  1264 | D:2      | Reached skill level 1 in Maces & Flails
  1529 | D:2      | Reached XP level 4. HP: 38/38 MP: 3/3
  1679 | D:2      | Found a hide-covered altar of Uskayaw.
  1977 | D:3      | Reached XP level 5. HP: 43/45 MP: 4/4
  2086 | D:3      | Noticed Ijyb
  2121 | D:3      | Killed Ijyb
  2176 | D:3      | Reached skill level 6 in Slings
  2712 | D:4      | Killed from afar by an orc priest

Skill      XL: |  1  2  3  4  5 |
---------------+----------------+-----
Slings         | 5 6 |  6.1
Stealth        | 1 |  1.1
Armour         | 1 2 |  2.9
Fighting       | 3 |  3.5
Maces & Flails | 1 2 |  2.0
Dodging        | |  2.7

Action                   |  1- 3 |  4- 6 || total
-------------------------+-------+-------++-------
Melee: Short sword       |     9 |       ||     9
       Club              |    81 |    71 ||   152
       Headbutt          |    12 |    14 ||    26
 Fire: Hunting sling     |    39 |    58 ||    97
  Use: Scroll            |     3 |    11 ||    14
       Potion            |       |     1 ||     1
  Eat: Chunk             |     2 |     3 ||     5
Armor: Ring mail         |    44 |    31 ||    75
Dodge: Dodged            |    69 |    42 ||   111
